 Dungeon Crawl Stone Soup version 0.13-a0-2202-g857913d (webtiles) character file.

22440 Kae the Bludgeoner (level 12, 0/159 HPs)
             Began as a Minotaur Berserker on July 2, 2013.
             Was a High Priest of Trog.
             Killed from afar by an electric eel (8 damage)
             ... with a bolt of electricity
             ... on Level 13 of the Dungeon.
             The game lasted 00:20:50 (12496 turns).

Kae the Bludgeoner (Minotaur Berserker)            Turns: 12496, Time: 00:20:50

HP   0/159       AC  8     Str 28      XL: 12   Next: 47%
MP   4/4         EV 17     Int  5      God: Trog [*****.]
Gold 794         SH  0     Dex 14      Spells:  0 memorised, 11 levels left

Res.Fire  : . . .   See Invis. : .   X - +4,+5 dire flail (antimagic)
Res.Cold  : . . .   Warding    : .   O - -3 ring mail of Xiqeadwu {Int+1 Acc+4}
Life Prot.: . . .   Conserve   : .   (no shield)
Res.Poison: .       Res.Corr.  : .   (helmet restricted)
Res.Elec. : .       Clarity    : .   (no cloak)
Sust.Abil.: + .     Spirit.Shd : .   u - +1 pair of gloves (curse)
Res.Mut.  : .       Stasis     : .   J - +0 pair of dwarf boots
Res.Rott. : .       Flight     : .   (no amulet)
Saprovore : . . .                    G - ring of sustain abilities
                                     i - ring of magical power

@: regenerating, berserking, very quick, very resistant to hostile enchantments,
extremely unstealthy
A: retaliatory headbutt, horns 2
a: Burn Spellbooks, Berserk, Trog's Hand, Brothers in Arms, Renounce Religion


You were on level 13 of the Dungeon.
You worshipped Trog.
Trog was exalted by your worship.
You were hungry.

You visited 1 branch of the dungeon, and saw 13 of its levels.
You also visited: Ossuary.

You collected 966 gold pieces.
You spent 192 gold pieces at shops.

Inventory:

Hand weapons
 a - a cursed +0,+0 mace
 v - a cursed +1,-2 mace
 w - a +0,+3 orcish hammer of protection
 X - a +4,+5 anti-magic dire flail (weapon)
Armour
 b - a cursed +0 animal skin
 n - a cursed +2 cloak
 u - a cursed +1 pair of gloves (worn)
 J - a +0 pair of dwarven boots (worn)
 O - the cursed -3 ring mail of Xiqeadwu (worn) {Int+1 Acc+4}
   (You found it on level 6 of the Dungeon)

   It affects your intelligence (+1).
   It affects your accuracy (+4).
   It has a curse placed upon it.
Magical devices
 o - a wand of draining (4) {unknown}
 s - a wand of slowing (4)
 L - a wand of disintegration (10) {unknown}
 M - a wand of frost (15) {unknown}
Comestibles
 c - 5 bread rations
 l - 2 rotting chunks of orc flesh
 z - a pear
 I - a rotting chunk of yak flesh
 K - a meat ration
Scrolls
 g - 5 scrolls of identify
 r - 2 scrolls of fear
 P - 2 scrolls of remove curse
Jewellery
 i - a ring of magical power (left hand)
 y - an uncursed amulet of guardian spirit {unknown}
 F - a cursed amulet of conservation {unknown}
 G - a ring of sustain abilities (right hand)
 N - an uncursed amulet of rage {unknown}
 Q - an uncursed ring of protection from cold {unknown}
 V - an uncursed amulet of faith {unknown}
Potions
 d - 6 potions of curing
 e - 2 potions of agility {unknown}
 f - a potion of confusion {unknown}
 h - 5 potions of brilliance {unknown}
 j - a potion of invisibility {unknown}
 k - 2 potions of slowing {unknown}
 m - 2 potions of degeneration {unknown}
 p - 5 potions of heal wounds
 q - 4 potions of restore abilities {unknown}
 x - 4 potions of speed {unknown}
 B - 2 potions of poison {unknown}
 C - a potion of paralysis {unknown}
 D - a potion of magic {unknown}
 E - a potion of might {unknown}
 H - a potion of cure mutation {unknown}
 U - a potion of flight {unknown}
Books
 A - a book of Frost

   Spells                             Type                      Level
   Freeze                             Ice                          1
   Throw Frost                        Conjuration/Ice              2
   Ozocubu's Armour                   Charms/Ice                   3
   Throw Icicle                       Conjuration/Ice              4
   Summon Ice Beast                   Ice/Summoning                4
   Condensation Shield                Ice                          4
   Trog disapproves of the use of such an item.
Miscellaneous
 t - a sack of spiders


   Skills:
 + Level 12.2 Fighting
 * Level 16.1 Maces & Flails
 + Level 11.9 Armour
 + Level 10.8 Dodging


You had 11 spell levels left.
You didn't know any spells.

Dungeon Overview and Level Annotations

Branches:
Dungeon (13/27)            Temple (0/1) D:4             Orc (0/4) D:6
   Lair (0/8) D:12

Altars:
Ashenzari
Cheibriados
Elyvilon
Fedhas
Makhleb
Nemelex Xobeh
Vehumet

Shops:
D:4: = D:6: [

Annotations
D:10 exclusions: electric eel and 2 more exclusions


Innate Abilities, Weirdness & Mutations

You reflexively headbutt those who attack you in melee.
You have a pair of horns on your head.


Message History

You hit the centaur warrior.
The centaur warrior is moderately wounded.
The wyvern bites you but does no damage.
Unknown command.
You barely miss the centaur warrior.
Your headbutt misses the centaur warrior.
The centaur warrior is moderately wounded.
The centaur warrior hits you but does no damage.
You puncture the centaur warrior! You headbutt the centaur warrior!
The centaur warrior is severely wounded.
The wyvern bites you.
* * * LOW HITPOINT WARNING * * *
You impale the centaur warrior!!
You kill the centaur warrior!
Trog accepts your kill.
You completely miss the wyvern. You headbutt the wyvern!
The wyvern is heavily wounded.
The electric eel shoots out a bolt of electricity!
The bolt of electricity hits you!
You die...

# #........#
. ########.#
. #.# .
#.####+#####
#..((......#
#(..(......#
#.[..(.....#
#....(.....#
+....)@)...#
#....D))...#
#..........#
#..........#
+..........#
#..........#
..........#
≈≈≈≈;≈≈≈.
##≈


You could see a wyvern and an electric eel.

Vanquished Creatures
  A hydra (D:13)
  Harold (D:12)
  The ghost of disskorpion the Nimble, a powerful OpMo of Cheibriados (D:12)
  An ogre mage (D:9)
  The ghost of redmage the Grappler, an experienced TrHu of Okawaru (D:11)
  The ghost of Kabixx the Conjurer, a powerful DECj of Vehumet (D:11)
  2 centaur warriors
  2 unseen horrors
  An iron troll (D:12)
  The ghost of Kae the Conjurer, an experienced TeFE of Vehumet (D:8)
  A hydra zombie (D:12)
  5 hill giants
  A cyclops (D:12)
  Psyche (D:9)
  3 trolls
  A hill giant skeleton (D:9)
  The ghost of Kae the Firebug, an experienced TeFE (D:4)
  3 two-headed ogres
  A wyvern (D:10)
  11 yaks
  3 manticores
  A cyclops zombie (D:12)
  2 necrophages (D:8)
  A soldier ant (D:12)
  A sky beast (D:12)
  4 orc warriors
  A mottled dragon (D:11)
  2 ice beasts
  A black bear (D:10)
  3 phantoms
  A troll zombie (D:10)
  11 ogres
  A troll skeleton (D:10)
  A crocodile (D:12)
  2 big kobolds
  5 centaurs
  A soldier ant zombie (D:12)
  A water moccasin (D:11)
  A gnoll sergeant (D:9)
  A centaur skeleton (D:5)
  An eye of draining (D:12)
  5 giant frogs
  A two-headed ogre skeleton (D:8)
  A giant frog skeleton (D:5)
  4 wights
  2 ogre zombies
  A sky beast zombie (D:8)
  4 crimson imps
  2 goliath beetles
  An ogre skeleton (D:4)
  2 big kobold zombies (Ossuary)
  7 orc priests
  3 hounds
  A quasit (D:11)
  Crazy Yiuf (D:2)
  4 iguanas
  15 orc wizards
  6 worker ants
  A deep elf soldier (D:12)
  A scorpion (D:8)
  Ijyb (D:2)
  2 jellies
  12 mummies
  13 adders
  9 gnolls
  A giant centipede (D:12)
  An inept feature mimic (D:9)
  3 green rats (D:12)
  2 giant mites
  An iguana skeleton (D:8)
  3 worms
  A bat skeleton (D:8)
  A giant eyeball (D:6)
  8 giant geckos
  An ooze (D:4)
  52 orcs
  22 bats
  5 giant cockroaches
  16 goblins
  13 hobgoblins
  2 ball pythons
  4 giant newts
  2 hobgoblin zombies (Ossuary)
  A jackal skeleton (D:8)
  16 kobolds
  4 kobold zombies
  An orc skeleton (D:6)
  2 orc zombies (Ossuary)
  6 quokkas
  A quokka zombie (D:6)
  27 rats
380 creatures vanquished.

Vanquished Creatures (others)
  A giant newt (D:1)
  2 rats
  3 plants (D:10)
6 creatures vanquished.

Grand Total: 386 creatures vanquished

Notes
Turn   | Place    | Note
--------------------------------------------------------------
     0 | D:1      | Kae, the Minotaur Berserker, began the quest for the Orb.
     0 | D:1      | Reached XP level 1. HP: 19/19 MP: 0/0
   106 | D:1      | Reached XP level 2. HP: 26/26 MP: 0/0
   171 | D:1      | Reached skill level 4 in Maces & Flails
   322 | D:1      | Acquired Trog's second power
   458 | D:1      | Reached XP level 3. HP: 33/33 MP: 1/1
   723 | D:2      | Noticed Crazy Yiuf
   736 | D:2      | Killed Crazy Yiuf
   736 | D:2      | Reached XP level 4. HP: 6/40 MP: 1/1
  1525 | D:2      | Noticed Ijyb
  1537 | D:2      | Killed Ijyb
  2068 | D:3      | Reached skill level 5 in Maces & Flails
  2069 | D:3      | Reached XP level 5. HP: 31/46 MP: 1/1
  2351 | D:3      | Found a sparkling altar of Nemelex Xobeh.
  2351 | D:3      | Found a blossoming altar of Fedhas.
  2524 | D:4      | Noticed Kae's ghost (experienced TeFE)
  2531 | D:4      | Killed Kae's ghost
  2531 | D:4      | Reached skill level 5 in Fighting
  2531 | D:4      | Reached skill level 6 in Maces & Flails
  2531 | D:4      | Reached XP level 6. HP: 53/53 MP: 2/2
  2592 | D:4      | Noticed an ogre
  2597 | D:4      | Killed an ogre
  2597 | D:4      | Reached XP level 7. HP: 60/60 MP: 2/2
  2711 | D:4      | Found a sand-covered staircase.
  2719 | Ossuary  | Entered an ossuary
  2960 | Ossuary  | Reached skill level 7 in Maces & Flails
  3142 | D:4      | Found Trungid's Jewellery Shop.
  3147 | D:4      | Bought an uncursed ring of sustain abilities for 192 gold pieces
  3342 | D:4      | Found a staircase to the Ecumenical Temple.
  3440 | D:4      | Reached skill level 5 in Armour
  3652 | D:5      | Entered Level 5 of the Dungeon
  3709 | D:5      | Reached skill level 5 in Dodging
  3846 | D:5      | Reached XP level 8. HP: 52/69 MP: 2/2
  4353 | D:5      | Reached skill level 8 in Maces & Flails
  4834 | D:6      | Got a faintly humming ring mail
  4860 | D:6      | Identified the cursed -3 ring mail of Xiqeadwu {Int+1 Acc+4} (You found it on level 6 of the Dungeon)
  4957 | D:6      | Found a staircase to the Orcish Mines.
  4959 | D:6      | Found Hideacae's Armour Shop.
  5055 | D:6      | Acquired Trog's third power
  5902 | D:7      | Reached skill level 9 in Maces & Flails
  6130 | D:7      | Reached XP level 9. HP: 72/75 MP: 3/3
  6189 | D:7      | Found a shattered altar of Ashenzari.
  6503 | D:7      | Found a snail-covered altar of Cheibriados.
  6705 | D:8      | Noticed Kae's ghost (experienced TeFE)
  6718 | D:8      | Killed Kae's ghost
  6718 | D:8      | Reached skill level 10 in Maces & Flails
  7392 | D:9      | Noticed an iron troll
  7394 | D:9      | Found a burning altar of Makhleb.
  7395 | D:9      | Noticed a centaur warrior
  7403 | D:9      | Killed a centaur warrior
  7403 | D:9      | Reached skill level 11 in Maces & Flails
  7403 | D:9      | Reached XP level 10. HP: 67/85 MP: 3/3
  7714 | D:9      | Found a white marble altar of Elyvilon.
  7717 | D:9      | Noticed an ogre mage
  7718 | D:9      | Noticed a hill giant
  7843 | D:9      | Killed a hill giant
  7889 | D:9      | Killed an ogre mage
  8033 | D:9      | Reached skill level 12 in Maces & Flails
  8109 | D:9      | Noticed Psyche
  8115 | D:9      | Killed Psyche
  8811 | D:10     | Entered Level 10 of the Dungeon
  8853 | D:10     | Noticed a hill giant
  8861 | D:10     | Reached skill level 13 in Maces & Flails
  8861 | D:10     | Reached XP level 11. HP: 94/94 MP: 3/3
  8870 | D:10     | Killed a hill giant
  9189 | D:10     | Noticed a hill giant
  9207 | D:10     | Killed a hill giant
  9207 | D:10     | Reached skill level 10 in Fighting
  9421 | D:10     | Received a gift from Trog
 10198 | D:11     | Noticed redmage's ghost (experienced TrHu)
 10198 | D:11     | Reached skill level 10 in Armour
 10203 | D:11     | Noticed Kabixx's ghost (powerful DECj)
 10492 | D:11     | Killed redmage's ghost
 10495 | D:11     | Killed Kabixx's ghost
 10495 | D:11     | Reached skill level 14 in Maces & Flails
 10960 | D:11     | Noticed a hill giant
 10969 | D:11     | Killed a hill giant
 11255 | D:11     | Killed an unseen horror
 11766 | D:12     | Noticed disskorpion's ghost (powerful OpMo)
 11792 | D:12     | Killed disskorpion's ghost
 11792 | D:12     | Reached skill level 15 in Maces & Flails
 11792 | D:12     | Reached skill level 10 in Dodging
 11798 | D:12     | Noticed Harold
 11814 | D:12     | Killed Harold
 11814 | D:12     | Reached XP level 12. HP: 100/105 MP: 4/4
 11907 | D:12     | Found a staircase to the Lair.
 11993 | D:12     | Killed an iron troll
 12031 | D:12     | Killed an unseen horror
 12072 | D:12     | Received a gift from Trog
 12448 | D:13     | Found a radiant altar of Vehumet.
 12473 | D:13     | Noticed a centaur warrior
 12475 | D:13     | Noticed a five-headed hydra
 12488 | D:13     | Killed a five-headed hydra
 12488 | D:13     | Reached skill level 16 in Maces & Flails
 12494 | D:13     | HP: 7/159 [wyvern (3)]
 12495 | D:13     | Killed a centaur warrior
 12496 | D:13     | Killed from afar by an electric eel

Action                   |  1- 3 |  4- 6 |  7- 9 | 10-12 || total
-------------------------+-------+-------+-------+-------++-------
Melee: Mace              |    50 |    56 |       |       ||   106
       Hammer            |       |    58 |   382 |   269 ||   709
       Dire flail        |       |       |       |   310 ||   310
Invok: Berserk           |     1 |     2 |     4 |     7 ||    14
       Trog's Hand       |     1 |       |     6 |    13 ||    20
  Use: Scroll            |       |    13 |     8 |     4 ||    25
       Potion            |       |       |     1 |     7 ||     8
